 Dungeon Crawl Stone Soup version 0.21-a0-243-g597973d (webtiles) character file.

244141 MirrMurr the Slayer (level 19, -2/189 HPs)
             Began as a Hill Orc Berserker on Sept 3, 2017.
             Was the Champion of Trog.
             Slain by a vault sentinel
             ... wielding a +0 long sword
              (10 damage)
             ... on level 1 of the Vaults on Sept 4, 2017.
             The game lasted 02:11:29 (38604 turns).

MirrMurr the Slayer (Hill Orc Berserker)           Turns: 38604, Time: 02:11:29

Health: -2/189     AC: 14    Str: 22    XL:     19   Next: 44%
Magic:  28/28      EV: 11    Int:  9    God:    Trog [******]
Gold:   4113       SH: 21    Dex: 16    Spells: 18/18 levels left

rFire    + . .     SeeInvis +   a - +7 demon whip (venom)
rCold    + . .     Gourm    .   g - +0 large shield
rNeg     . . .     Faith    .   S - +3 plate armour
rPois    +         Spirit   .   h - +0 helmet "Posexuil" {SInv} (curse)
rElec    +         Reflect  .   F - +0 cloak
rCorr    .         Harm     .   t - +2 pair of gloves
MR       +++..                  T - +1 pair of boots
Stlth    ..........             p - amulet of regeneration
HPRegen  0.81/turn              Y - ring of Gobbeuwn {rElec rF+ rC+ MR++ MP+9}
MPRegen  0.21/turn              X - ring "Tuhuwn" {rPois Int+2}

@: lethally poisoned (-2 -> -2), marked, corroded, berserk cooldown, very
slightly contaminated, slowed, very slow
A: no striking features
}: 2/15 runes: decaying, gossamer
a: Berserk, Trog's Hand, Brothers in Arms, Burn Spellbooks, Renounce Religion


You were on level 1 of the Vaults.
You worshipped Trog.
Trog was exalted by your worship.
You were not hungry.

You visited 7 branches of the dungeon, and saw 33 of its levels.
You also visited: Labyrinth, Ossuary and Ice Cave.

You collected 4113 gold pieces.

Inventory:

Hand Weapons
 a - a +7 demon whip of venom (weapon)
 b - a +3 antimagic eveningstar
 l - a +4 demon whip of freezing
Missiles
 d - 5 throwing nets {!f}
 B - 4 javelins of penetration (quivered)
Armour
 g - a +0 large shield (worn)
 h - the cursed +0 helmet "Posexuil" (worn) {SInv}
   (You found it on level 3 of the Lair of Beasts)

   It lets you see invisible.
   It has a curse placed upon it.
 t - a +2 pair of gloves (worn)
 F - a +0 cloak (worn)
 S - a +3 plate armour (worn)
 T - a +1 pair of boots (worn)
Jewellery
 p - an amulet of regeneration (around neck)
 z - an uncursed amulet of the gourmand {unknown}
 L - an uncursed ring of protection from cold
 U - an uncursed ring of protection from fire
 X - the ring "Tuhuwn" (right hand) {rPois Int+2}
   (You found it in a labyrinth)

   [ring of poison resistance]

   It affects your intelligence (+2).
   It protects you from poison.
 Y - the ring of Gobbeuwn (left hand) {rElec rF+ rC+ MR++ MP+9}
   (You found it on level 1 of the Lair of Beasts)

   [ring of magical power]

   It protects you from fire.
   It protects you from cold.
   It insulates you from electricity.
   It affects your resistance to hostile enchantments.
   It affects your magic capacity (+9).
Wands
 i - a wand of acid (3/15)
 o - a wand of paralysis (11/24)
 w - a wand of digging (13/24)
 C - a wand of disintegration (6/24)
 E - a wand of iceblast (12/15)
 H - a wand of lightning (9/15)
 M - a wand of flame (20/48)
 O - a wand of digging (1/24)
Scrolls
 e - 16 scrolls of teleportation
 m - 2 scrolls of blinking
 n - a scroll of fear
 r - 15 scrolls of remove curse
 s - 3 scrolls of fog
 v - 5 scrolls of magic mapping
 A - 2 scrolls of summoning
 K - 4 scrolls of immolation
 V - 6 scrolls of recharging
Potions
 f - 20 potions of curing
 q - a potion of cancellation
 u - 2 potions of haste
 x - 10 potions of flight
 D - 4 potions of heal wounds
 G - 3 potions of resistance
 I - 2 potions of agility
 P - 8 potions of ambrosia
 Z - 6 potions of might
Comestibles
 c - 14 bread rations
 j - 37 chunks of flesh
 k - 19 meat rations
 y - 15 fruits
 Q - 14 royal jellies


   Skills:
 * Level 21.2 Fighting
 - Level 16.7 Maces & Flails
 + Level 16.5 Armour
 + Level 10.1 Dodging
 + Level 16.0 Shields


You had 18 spell levels left.
You didn't know any spells.

Dungeon Overview and Level Annotations

Branches:
Dungeon (15/15)            Temple (1/1) D:7            Lair (6/6) D:8
  Swamp (4/4) Lair:2       Spider (4/4) Lair:3        Slime (0/5) Lair:5
    Orc (2/2) D:10            Elf (0/3) Orc:2        Vaults (1/5) D:13
 Depths (0/5) D:15

Altars:
Elyvilon
Fedhas
Gozag
Nemelex Xobeh
Okawaru
Ru
Trog
Uskayaw
Vehumet
Wu Jian
Beogh

Shops:
D:6 ?   D:8 =   D:14 ?   Orc:2 *=[(


Message History

* * * LOW HITPOINT WARNING * * *
The wolf spider barely misses you. You block the wolf spider's attack.
The sphinx hits you but does no damage. You block the sphinx's attack. x2
Blink to where?
Press: ? - help, Dir - move target cursor You are very lightly contaminated with residual magic.
As you read the scroll of blinking, it crumbles to dust.
You feel sick.
You feel sick.
Unknown command.
You feel sick. You block the wolf spider's attack. x2
The vault sentinel hits you with a long sword!
* * * LOW HITPOINT WARNING * * *
A vault sentinel comes into view. It is wielding a long sword.
You hit the vault sentinel but do no damage.
The vault sentinel is poisoned.
You feel sick. You block the wolf spider's attack.
The wolf spider closely misses you.
The vault sentinel hits you with a long sword!
You die...

#.....#
#.....#########
#..............
#..............
#..............
#..............
+....))........
#####p#########
#.@s....# #.......#
#...H...# .
#....)..# .
#.......#########..
#......)'.....(.#..
#.......#.......+..
#########...§...#
#....)§)#


You could see a sphinx, a wolf spider and a vault sentinel.

Vanquished Creatures
  the Lernaean hydra (Swamp:4)
  A tentacled monstrosity (Swamp:2)
  2 thorn hunters
  The ghost of Glitchraptor the Peltast, an adept MiFi of Okawaru (IceCv)
  A ghost moth (Spider:4)
  A frost giant (IceCv)
  A vault warden (Vaults:1)
  Louise (Spider:3)
  5 emperor scorpions
  An ironheart preserver (Vaults:1)
  An orc warlord (Orc:2)
  An entropy weaver (Spider:4)
  3 spark wasps
  A minotaur (Lab)
  A fire dragon (Lair:6)
  An ogre mage (D:15)
  7 vault guards
  The ghost of Argmax the Carver, a journeyman DrIE of Vehumet (Lair:1)
  2 ghost crabs
  23 hydras
  5 alligators
  5 centaur warriors
  7 two-headed ogres
  4 death yaks (Lair:6)
  A death knight (D:15)
  A tengu warrior (D:14)
  Urug (Lair:4)
  A deep troll earth mage (Vaults:1)
  3 orc high priests (Orc:2)
  6 skeletal warriors
  3 unseen horrors
  A shambling mangrove (Swamp:1)
  A spriggan druid (Swamp:3)
  13 swamp dragons
  11 orc knights
  4 deep trolls
  A wizard (Vaults:1)
  2 lindwurms (Lair:6)
  Pikel (D:6)
  An orb spider (shapeshifter) (D:15)
  3 deep elf magi
  20 ugly things
  14 orb spiders
  4 cyclopes
  25 wolf spiders
  7 orc sorcerers
  2 manticores
  2 moths of wrath (Spider:4)
  6 elephants (Lair:6)
  A black mamba (shapeshifter) (D:14)
  A salamander (shapeshifter) (D:14)
  2 centaur zombies
  An ice statue (IceCv)
  5 black mambas
  2 vault sentinels
  8 torpor snails
  30 spiny frogs
  2 gargoyles
  5 kobold demonologists
  12 demonic crawlers
  A redback zombie (D:14)
  4 rime drakes
  An efreet (D:14)
  6 komodo dragons
  A tengu conjurer (D:14)
  The ghost of Akra the Slasher, an amateur MiFi of Okawaru (D:5)
  6 trolls
  28 polar bears
  3 meliai (Spider:4)
  Grinder (D:6)
  34 jumping spiders
  Prince Ribbit (D:6)
  18 hornets
  34 slime creatures
  6 raiju (Lair:6)
  10 tyrant leeches
  2 dream sheep (D:11)
  6 blink frogs
  10 bog bodies
  9 hippogriffs
  Sigmund (D:2)
  A centaur simulacrum (D:14)
  4 shadows
  25 tarantellas
  2 vampires (D:12)
  6 spriggans
  2 wyverns
  79 redbacks
  4 wraiths
  A water elemental (D:14)
  3 basilisks
  Eustachio (D:4)
  44 yaks
  13 vampire mosquitoes
  2 hungry ghosts
  8 wargs
  20 swamp worms
  2 acid dragons
  27 insubstantial wisps
  A soldier ant (D:12)
  14 water moccasins
  10 porcupines
  11 hell hounds (Lair:6)
  48 orc warriors
  16 swamp drakes
  7 ice beasts
  5 sky beasts
  A meliai simulacrum (D:14)
  2 phantoms
  18 black bears
  An eye of draining (D:12)
  A slave (D:6)
  A hornet zombie (D:7)
  52 wolves
  5 boggarts (D:15)
  13 ogres
  14 centaurs
  12 crocodiles
  An elf zombie (Ossuary)
  6 big kobolds
  15 bullfrogs
  A wyvern zombie (D:10)
  6 scorpions
  A water moccasin skeleton (D:10)
  3 killer bees (D:10)
  3 howler monkeys
  5 wights (D:12)
  5 electric eels
  8 crimson imps
  4 bullfrog skeletons
  2 bullfrog zombies
  8 jellies
  A human zombie (Ossuary)
  14 orc priests
  7 centaur skeletons
  6 hounds
  28 orc wizards
  2 iguanas
  Natasha (thrice) (D:2)
  12 worker ants
  3 mummies (Ossuary)
  A howler monkey zombie (D:5)
  3 gnolls (D:4)
  10 adders
  3 shadow imps
  13 white imps (D:14)
  An adder zombie (D:5)
  2 adder skeletons
  3 worms
  A dart slug (D:2)
  3 leopard geckos
  108 orcs
  3 giant cockroaches
  10 goblins
  6 hobgoblins
  11 jackals
  5 quokkas
  6 bats
  4 frilled lizards
  2 goblin zombies (Ossuary)
  2 hobgoblin zombies (Ossuary)
  9 kobolds
  4 kobold zombies (Ossuary)
  A leopard gecko zombie (D:5)
  A quokka skeleton (D:8)
  A quokka zombie (D:7)
  7 rats
1303 creatures vanquished.

Vanquished Creatures (collateral kills)
  4 emperor scorpions
  A vault warden (Vaults:1)
  An entropy weaver (Vaults:1)
  A dire elephant (D:15)
  A vault guard (Vaults:1)
  A hydra (Swamp:4)
  2 death yaks (Lair:6)
  An orc knight (Vaults:1)
  2 vault sentinels (Vaults:1)
  A naga mage (D:15)
  A hornet (Lair:6)
  A blink frog (Lair:6)
  A redback (Spider:4)
18 creatures vanquished.

Vanquished Creatures (others)
  A tyrant leech (Swamp:3)
  A polar bear (IceCv)
  An electric eel (Spider:1)
  An orc (Vaults:1)
  21 fungi
  36 plants
61 creatures vanquished.

Grand Total: 1382 creatures vanquished

Notes
Turn   | Place    | Note
-------+----------+-------------------------------------------
     0 | D:1      | MirrMurr the Hill Orc Berserker began the quest for the Orb.
     0 | D:1      | Reached XP level 1. HP: 19/19 MP: 1/1
   379 | D:1      | Reached XP level 2. HP: 27/27 MP: 2/2
   561 | D:1      | You fall through a shaft!
   589 | D:2      | Noticed Sigmund
   599 | D:2      | Killed Sigmund
   599 | D:2      | Reached skill level 4 in Fighting
   599 | D:2      | Reached skill level 5 in Maces & Flails
   599 | D:2      | Reached XP level 3. HP: 34/34 MP: 3/3
   599 | D:2      | Reached XP level 4. HP: 41/41 MP: 4/4
   599 | D:2      | Reached XP level 5. HP: 47/47 MP: 5/5
  1187 | D:2      | Noticed Natasha
  1204 | D:2      | Killed Natasha
  1204 | D:2      | Reached ** piety under Trog
  1256 | D:2      | Reached skill level 5 in Fighting
  1256 | D:2      | Reached XP level 6. HP: 52/56 MP: 6/6
  1389 | D:2      | Noticed Natasha
  1395 | D:2      | Killed Natasha
  1576 | D:2      | Found a faded altar of an unknown god.
  1660 | D:2      | Noticed Natasha
  1680 | D:2      | Killed Natasha
  2379 | D:3      | Found a sacrificial altar of Ru.
  2884 | D:3      | Found an iron altar of Okawaru.
  3083 | D:4      | Noticed Eustachio
  3109 | D:4      | Killed Eustachio
  3109 | D:4      | Reached XP level 7. HP: 59/62 MP: 7/7
  3295 | D:4      | Reached skill level 6 in Fighting
  3881 | D:4      | Reached XP level 8. HP: 65/71 MP: 8/8
  3924 | D:4      | Reached *** piety under Trog
  3924 | D:4      | Reached skill level 5 in Armour
  4218 | D:5      | Entered Level 5 of the Dungeon
  4413 | D:5      | Found a white marble altar of Elyvilon.
  4657 | D:5      | Noticed Akra's ghost (amateur MiFi)
  4673 | D:5      | Killed Akra's ghost
  4673 | D:5      | Reached skill level 7 in Fighting
  4673 | D:5      | Reached skill level 1 in Shields
  4940 | D:5      | Found an ornate altar of the Wu Jian Council.
  5269 | D:6      | Found Ixeosi's Magic Scroll Emporium.
  5392 | D:6      | Found a blossoming altar of Fedhas.
  5512 | D:6      | Noticed Pikel
  5524 | D:6      | Killed Pikel
  5524 | D:6      | Reached XP level 9. HP: 81/81 MP: 9/9
  5608 | D:6      | Reached **** piety under Trog
  5619 | D:6      | Noticed Grinder
  5634 | D:6      | Killed Grinder
  5634 | D:6      | Reached skill level 8 in Fighting
  5835 | D:6      | Noticed Prince Ribbit
  6277 | D:6      | Reached skill level 10 in Maces & Flails
  6310 | D:6      | Killed Prince Ribbit
  6493 | D:7      | Found a sand-covered staircase.
  6503 | Ossuary  | Entered an ossuary
  7019 | D:7      | Reached XP level 10. HP: 88/90 MP: 10/10
  7191 | D:7      | Reached skill level 5 in Shields
  7284 | D:7      | Found a staircase to the Ecumenical Temple.
  7335 | Temple   | Entered the Ecumenical Temple
  7387 | D:7      | Reached skill level 9 in Fighting
  7491 | D:7      | Found a radiant altar of Vehumet.
  7765 | D:8      | Found Yhogo's Jewellery Boutique.
  7845 | D:8      | Found an opulent altar of Gozag.
  8132 | D:8      | Reached ***** piety under Trog
  8445 | D:8      | Found a staircase to the Lair.
  8906 | D:9      | Found a roughly hewn altar of Beogh.
  8983 | D:9      | You fall through a shaft!
  8983 | D:10     | Entered Level 10 of the Dungeon
  9082 | D:10     | Found a staircase to the Orcish Mines.
  9786 | D:10     | Noticed a gargoyle
  9796 | D:10     | Killed a gargoyle
  9855 | D:10     | Received a gift from Trog
 10288 | D:11     | Found a labyrinth entrance.
 10294 | Lab      | Entered a labyrinth
 10569 | Lab      | Noticed a minotaur
 10577 | Lab      | Killed a minotaur
 10577 | Lab      | Reached skill level 10 in Fighting
 10577 | Lab      | Reached XP level 11. HP: 100/100 MP: 11/11
 10591 | Lab      | Got a heavily runed lead ring
 10592 | Lab      | Identified the ring "Tuhuwn" {rPois Int+2} (You found it in a labyrinth)
 11134 | D:11     | Killed an unseen horror
 11231 | D:11     | Noticed a three-headed hydra
 11239 | D:11     | Killed a three-headed hydra
 11344 | D:11     | Noticed a brown ugly thing
 11355 | D:11     | Killed a brown ugly thing
 11573 | Lair:1   | Entered Level 1 of the Lair of Beasts
 11578 | Lair:1   | Noticed Argmax's ghost (journeyman DrIE)
 11594 | Lair:1   | Killed Argmax's ghost
 11867 | Lair:1   | Noticed a six-headed hydra
 11879 | Lair:1   | Killed a six-headed hydra
 11879 | Lair:1   | Reached skill level 11 in Fighting
 12203 | Lair:1   | Got a warped iron ring
 12345 | Lair:1   | Reached XP level 12. HP: 91/110 MP: 12/12
 12689 | Lair:2   | Identified the ring of Gobbeuwn {rElec rF+ rC+ MR++ MP+9} (You found it on level 1 of the Lair of Beasts)
 12931 | Lair:2   | Noticed a four-headed hydra
 12945 | Lair:2   | Killed a four-headed hydra
 13444 | Lair:2   | Reached skill level 10 in Armour
 13602 | Lair:2   | Found a staircase to the Swamp.
 14092 | Lair:3   | Found a hole to the Spider Nest.
 14170 | Lair:3   | Received a gift from Trog
 14622 | Lair:3   | Noticed an eight-headed hydra
 14643 | Lair:3   | Killed an eight-headed hydra
 14721 | Lair:3   | Got a polished helmet
 14732 | Lair:3   | Identified the cursed +0 helmet "Posexuil" {SInv} (You found it on level 3 of the Lair of Beasts)
 14874 | Lair:3   | Reached skill level 12 in Fighting
 15312 | Lair:3   | Reached XP level 13. HP: 118/118 MP: 7/13
 15498 | Lair:4   | Reached skill level 15 in Maces & Flails
 15596 | Lair:4   | Identified a scroll of acquirement
 15602 | Lair:4   | Noticed Urug
 15622 | Lair:4   | Killed Urug
 15990 | Lair:4   | Found a hide-covered altar of Uskayaw.
 16604 | Lair:5   | Found a staircase to the Slime Pits.
 16805 | Lair:5   | Reached skill level 10 in Shields
 16822 | Lair:5   | Received a gift from Trog
 16860 | Lair:5   | Got a warped mace {god gift}
 17154 | Lair:6   | Entered Level 6 of the Lair of Beasts
 17590 | Lair:6   | Reached skill level 13 in Fighting
 17921 | Lair:6   | Reached XP level 14. HP: 96/129 MP: 7/14
 18531 | Lair:6   | Found a runed door.
 18546 | Lair:6   | Received a gift from Trog
 18839 | Lair:6   | Paralysed by a hornet for 3 turns
 19073 | Lair:6   | Reached skill level 14 in Fighting
 20581 | D:12     | Received a gift from Trog
 20592 | D:12     | Got a steaming mace {god gift}
 20964 | D:13     | Upgraded the game from 0.21-a0-241-g2cbab09 to 0.21-a0-243-g597973d
 20990 | D:13     | Reached XP level 15. HP: 139/139 MP: 8/15
 21106 | D:13     | Found a gate to the Vaults.
 21229 | D:13     | Reached skill level 15 in Fighting
 22045 | D:14     | Found a frozen archway.
 22080 | D:14     | Received a gift from Trog
 22114 | IceCv    | Entered an ice cave
 22123 | IceCv    | Noticed Glitchraptor's ghost (adept MiFi)
 22153 | IceCv    | Killed Glitchraptor's ghost
 22653 | IceCv    | Noticed a frost giant
 22681 | IceCv    | Killed a frost giant
 22690 | IceCv    | Reached skill level 16 in Fighting
 22698 | IceCv    | Reached skill level 5 in Dodging
 23028 | D:14     | Received a gift from Trog
 23286 | D:14     | Found Ynisokot's Magic Scroll Shoppe.
 23723 | D:14     | Reached XP level 16. HP: 152/152 MP: 8/16
 23783 | D:14     | Found a bloodstained altar of Trog.
 23955 | D:15     | Entered Level 15 of the Dungeon
 24106 | D:14     | Reached ****** piety under Trog
 24157 | D:15     | Received a gift from Trog
 24460 | D:15     | Reached skill level 17 in Fighting
 25226 | D:15     | Found a staircase to the Depths.
 25765 | Orc:1    | Entered Level 1 of the Orcish Mines
 25858 | Orc:1    | Received a gift from Trog
 25990 | Orc:2    | Entered Level 2 of the Orcish Mines
 26216 | Orc:2    | Found Zobb's Antique Weapon Shoppe.
 26485 | Orc:2    | Found Ecwoebuw's Antique Armour Boutique.
 26497 | Orc:2    | Found a staircase to the Elven Halls.
 26519 | Orc:2    | Found Muc Kole's General Store.
 26830 | Orc:2    | Found Byafarch's Jewellery Boutique.
 26993 | Orc:2    | Found a roughly hewn altar of Beogh.
 27484 | Orc:1    | Received a gift from Trog
 27952 | Swamp:1  | Entered Level 1 of the Swamp
 28429 | Swamp:1  | Reached XP level 17. HP: 103/163 MP: 17/17
 28464 | Swamp:1  | Reached skill level 18 in Fighting
 29654 | Swamp:2  | Received a gift from Trog
 30276 | Swamp:2  | Noticed a tentacled monstrosity
 30304 | Swamp:2  | Killed a tentacled monstrosity
 31418 | Swamp:4  | Entered Level 4 of the Swamp
 31429 | Swamp:4  | Reached skill level 15 in Armour
 31597 | Swamp:4  | Received a gift from Trog
 31857 | Swamp:4  | Reached skill level 19 in Fighting
 32509 | Swamp:4  | Noticed the 27-headed Lernaean hydra
 32808 | Swamp:4  | Killed the 27-headed Lernaean hydra
 32889 | Swamp:4  | Reached XP level 18. HP: 134/176 MP: 18/18
 33126 | Swamp:4  | Got a decaying rune of Zot
 33500 | Spider:1 | Entered Level 1 of the Spider Nest
 33665 | Spider:1 | Reached skill level 15 in Shields
 33779 | Spider:1 | Received a gift from Trog
 35050 | Spider:2 | Reached skill level 20 in Fighting
 35321 | Spider:3 | Received a gift from Trog
 35620 | Spider:3 | Noticed Louise
 35645 | Spider:3 | Killed Louise
 35844 | Spider:4 | Entered Level 4 of the Spider Nest
 36259 | Spider:4 | Received a gift from Trog
 36859 | Spider:4 | Reached XP level 19. HP: 143/187 MP: 2/19
 37296 | Spider:4 | Got a gossamer rune of Zot
 37898 | Vaults:1 | Entered Level 1 of the Vaults
 37992 | Vaults:1 | Received a gift from Trog
 38227 | Vaults:1 | Reached skill level 21 in Fighting
 38309 | Vaults:1 | Reached skill level 10 in Dodging
 38564 | Vaults:1 | HP: 7/189 [entropy weaver (7)]
 38603 | Vaults:1 | HP: 8/189 [vault sentinel/long sword (8)]
 38604 | Vaults:1 | Slain by a vault sentinel

Vault maps used:
D:1:      dpeg_arrival_three_smaller_balls, minmay_surrounded
D:2:      chequers_ecumenical_altar_twisty, uniq_sigmund, uniq_natasha
D:3:      okawaru_trees_2, lemuel_crystal_altar
D:4:      first_bread, uniq_eustachio
D:5:      kennysheep_little_box, overflow_temple_1_default
D:6:      serial_shops, shop, fedhas_altar_2, uniq_prince_ribbit1, uniq_pikel,
          uniq_grinder
D:7:      minmay_temple_entry_statues_pillars, nicolae_ossuary_entry_plus,
          vehumet_altar_wand_db
D:8:      lair_entry_dummy, serial_shops, shop, nicolae_gozag_seed_capital
D:9:      special_room
D:10:     orc_0_dummy
D:11:     lab_entry_generic, hangedman_ranch, kennysheep_small_square
D:13:     lightli_vaults_fourway_checkpoint, grunt_decor_mini_mirrors
D:14:     serial_ice, serial_ice_g, serial_ice_f, serial_ice_i, serial_ice_m,
          serial_ice_e, serial_ice_a, portal_ice_cave_entry_imps, serial_shops,
          shop, basic_altar, minmay_misc_feat_roman, minivault_1
D:15:     hangedman_depths_entry_try_elsewhere_first, serial_park_gazebo
Temple:   compressed_dpeg_circular_temple
Lair:1:   grunt_megastairs_3, lemuel_fruit_tree
Lair:2:   minmay_swamp_entry_worms, lemuel_fruit_fields,
          infiniplex_staircase_pool, lemuel_fruit_fields
Lair:3:   nicolae_spider_entry_tight_spaces, beast_lair_carwin_3
Lair:4:   basic_altar, small_statue_intersection, uniq_urug
Lair:5:   minmay_slime_entry_pillars, guppyfry_lair_drakes
Lair:6:   hangedman_lair_caniforms_friends, wormcave, wad_woods_river_01
Swamp:1:  nicolae_swamp_very_dense_foliage, swamp_pool4
Swamp:2:  cheibrodos_swamp_monstrosity, nicolae_swamp_feature_on_the_river_bank,
          swamp_pool2
Swamp:3:  evilmike_swamp_ruin_house_4
Swamp:4:  swamp_old_school
Spider:2: hangedman_spider_tarantella_strand
Spider:3: uniq_louise
Spider:4: grunt_spider_rune_circles, spider_trap
Orc:1:    minmay_goldmine
Orc:2:    grunt_orc_gardens, grunt_orc_garden, grunt_orc_garden,
          grunt_orc_garden, grunt_orc_garden, basic_altar, nicolae_orc_rockfall
Vaults:1: v_misc_26, hangedman_vaults_nails, v_misc_16,
          nicolae_vaults_little_ls, nicolae_vaults_alarming,
          vaults_room_hallway, nicolae_vaults_asterisk, v_alt_pattern_2,
          v_misc_13, nicolae_vaults_sealed_display, v_rooms_3,
          vaults_room_guarded_vault
Lab:      nicolae_lab_do_over, nicolae_lab_stuck, lab_fountain,
          labyrinth_lava_lair, labyrinth_skeletal_remains,
          nicolae_lab_checkerboard, nicolae_lab_swirl, nicolae_lab_blocks
Ossuary:  ossuary_kennysheep_city_of_the_dead
IceCv:    ice_cave_caverns_02

Skill      XL: |  1  2  3  4  5  6  7  8  9 10 11 12 13 14 15 16 17 18 19 |
---------------+----------------------------------------------------------+-----
Fighting       | 4 5 6 7 8 10 11 12 13 14 16 17 19 20 21 | 21.2
Maces & Flails | 5 6 7 9 10 12 13 14 16 | 16.7
Armour         | 3 4 6 7 8 9 10 11 12 13 14 15 16 | 16.5
Shields        | 3 4 6 7 9 10 11 12 14 15 16 | 16.0
Dodging        | 3 5 7 8 9 10 | 10.1

Action                   |  1- 3 |  4- 6 |  7- 9 | 10-12 | 13-15 | 16-18 | 19-21 || total
-------------------------+-------+-------+-------+-------+-------+-------+-------++-------
Melee: Mace              |    28 |   152 |    47 |       |       |       |       ||   227
       Morningstar       |       |       |   221 |   598 |       |       |       ||   819
       Eveningstar       |       |       |       |   167 |  1688 |   515 |       ||  2370
       Demon whip        |       |       |       |       |       |  2141 |   366 ||  2507
 Fire: Hunting sling     |       |   104 |   198 |   261 |   230 |     2 |       ||   795
Throw: Tomahawk          |     2 |       |       |       |       |       |       ||     2
Invok: Berserk           |     1 |     4 |     7 |    11 |     5 |     4 |     1 ||    33
       Trog's Hand       |       |     1 |     2 |     5 |     7 |     3 |     4 ||    22
       Burn Spellbooks   |       |       |     1 |     3 |     3 |     3 |       ||    10
       Brothers in Arms  |       |       |       |       |     2 |     4 |     1 ||     7
Evoke: Wand              |       |       |       |       |       |     2 |       ||     2
  Use: Scroll            |       |     6 |    11 |    15 |    14 |    16 |     1 ||    63
       Potion            |       |       |       |     1 |     2 |     4 |     3 ||    10
 Stab: Invisible         |       |       |       |       |       |     3 |       ||     3
       Distracted        |       |       |       |       |       |       |     2 ||     2
  Eat: Chunk             |       |     7 |    16 |    29 |    36 |    37 |     3 ||   128
       Meat ration       |       |     1 |       |       |       |       |       ||     1
       Fruit             |       |       |     5 |    14 |     1 |    17 |     8 ||    45
Armor: Ring mail         |    13 |    55 |       |       |       |       |       ||    68
       Scale mail        |       |    11 |   160 |    18 |       |       |       ||   189
       Plate armour      |       |       |       |   547 |   727 |  1145 |   141 ||  2560
Dodge: Dodged            |    17 |    98 |   136 |   203 |   352 |   895 |    80 ||  1781
Block: Buckler           |       |       |    50 |    58 |       |       |       ||   108
       Shield            |       |       |       |   324 |   846 |  1285 |       ||  2455
       Large shield      |       |       |       |       |       |   321 |   346 ||   667

Table legend:
 A = Spawn XP
 B = Non-spawn XP
 C = Spawn XP percentage of total XP
 D = Spawn monster count
 E = Non-spawn monster count
 F = Spawn count percentage of total count
 G = Total turns spent on level
                    A         B        C        D         E        F      G
               +---------+---------+-------+---------+---------+-------+---------
         Total |   42261 |  310592 |  12.0 |     159 |    1162 |  12.0 | 38604
               +---------+---------+-------+---------+---------+-------+---------
           D:1 |       7 |      24 |  22.6 |       3 |      16 |  15.8 |  1138
           D:2 |      17 |     367 |   4.4 |       6 |      15 |  28.6 |  1167
           D:3 |       4 |     111 |   3.5 |       3 |      16 |  15.8 |   777
           D:4 |      15 |     706 |   2.1 |       2 |      19 |   9.5 |  1136
           D:5 |       0 |     698 |   0.0 |       0 |      25 |   0.0 |  1028
           D:6 |     169 |    1927 |   8.1 |       2 |      16 |  11.1 |  1198
           D:7 |     263 |     668 |  28.2 |       5 |      16 |  23.8 |   790
           D:8 |     927 |    1016 |  47.7 |       1 |      21 |   4.5 |  1115
           D:9 |      72 |    1132 |   6.0 |       1 |      39 |   2.5 |   884
          D:10 |      87 |     967 |   8.3 |       3 |      12 |  20.0 |   967
          D:11 |     502 |    5171 |   8.8 |       2 |      26 |   7.1 |  1041
          D:12 |    1448 |   10292 |  12.3 |       4 |      46 |   8.0 |  1390
          D:13 |    2852 |   13723 |  17.2 |       9 |      40 |  18.4 |  1173
          D:14 |    2860 |   18003 |  13.7 |       9 |      78 |  10.3 |  1224
          D:15 |     142 |   21166 |   0.7 |       3 |      50 |   5.7 |  1531
        Lair:1 |     558 |    2886 |  16.2 |       2 |       6 |  25.0 |  1123
        Lair:2 |     338 |    5525 |   5.8 |       1 |      21 |   4.5 |  1624
        Lair:3 |    2169 |   11742 |  15.6 |      13 |      47 |  21.7 |  1786
        Lair:4 |    1665 |    3356 |  33.2 |       4 |      14 |  22.2 |   915
        Lair:5 |     389 |    3494 |  10.0 |       1 |      17 |   5.6 |   714
        Lair:6 |    4663 |   29036 |  13.8 |      16 |     104 |  13.3 |  2405
       Swamp:1 |     687 |   10132 |   6.3 |       2 |      34 |   5.6 |   992
       Swamp:2 |    4033 |   14946 |  21.2 |       8 |      36 |  18.2 |  1505
       Swamp:3 |    1776 |   10217 |  14.8 |       6 |      34 |  15.0 |  1041
       Swamp:4 |    4147 |   27406 |  13.1 |       6 |      43 |  12.2 |  1756
      Spider:1 |    1626 |   10224 |  13.7 |       7 |      28 |  20.0 |   889
      Spider:2 |    1991 |   11090 |  15.2 |       7 |      27 |  20.6 |   845
      Spider:3 |    4481 |   10608 |  29.7 |      11 |      25 |  30.6 |   962
      Spider:4 |    3811 |   32392 |  10.5 |       9 |      78 |  10.3 |  1278
         Orc:1 |     145 |    4674 |   3.0 |       4 |      55 |   6.8 |   998
         Orc:2 |     417 |   10589 |   3.8 |       9 |      46 |  16.4 |  1064
      Vaults:1 |       0 |   20727 |   0.0 |       0 |      44 |   0.0 |   534
           Lab |       0 |    1045 |   0.0 |       0 |       1 |   0.0 |   308
       Ossuary |       0 |     410 |   0.0 |       0 |      14 |   0.0 |   429
         IceCv |       0 |   14122 |   0.0 |       0 |      53 |   0.0 |   875
               +---------+---------+-------+---------+---------+-------+---------
